 Dungeon Crawl Stone Soup version 0.24.0-125-gc4c63601f3 (webtiles) character file.

Game seed: 15426146533504785743, levelgen mode: deterministic

15131 Johnny the Grappler (level 11, -8/169 HPs)
             Began as a Troll Berserker on Feb 24, 2020.
             Was a High Priest of Trog.
             Mangled by a 12-headed hydra (14 damage)
             ... on level 11 of the Dungeon.
             The game lasted 00:10:32 (9037 turns).

Johnny the Grappler (Troll Berserker)               Turns: 9037, Time: 00:10:32

Health: -8/169     AC:  8    Str: 38    XL:     11   Next: 97%
Magic:  10/10      EV: 13    Int:  3    God:    Trog [*****.]
Gold:   963        SH:  0    Dex:  9    Spells: 10/10 levels left

rFire    . . .     SeeInvis .     - Unarmed
rCold    . . .     Gourm    +   (no shield)
rNeg     . . .     Faith    .   a - +0 animal skin
rPois    .         Spirit   .   (helmet restricted)
rElec    .         Reflect  .   F - +0 cloak
rCorr    +         Harm     .   (gloves unavailable)
MR       ++...                  (boots unavailable)
Stlth    ..........             y - amulet of regeneration
HPRegen  2.18/turn              U - +3 ring of strength
MPRegen  0.12/turn              t - ring of resist corrosion

@: berserking, regenerating, very quick
A: large, unfitting armour, claws 3, fast metabolism 3, gourmand, regeneration
1, shaggy fur 1, tough skin 3
a: Berserk, Trog's Hand, Brothers in Arms, Renounce Religion


You were on level 11 of the Dungeon.
You worshipped Trog.
Trog was extremely pleased with you.
You were very full.

You visited 1 branch of the dungeon, and saw 11 of its levels.
You also visited: Ossuary and Ice Cave.

You collected 963 gold pieces.

Inventory:

Hand Weapons
 L - the +5 short sword of the Sun {pierce, Int+3, unknown}
   (You found it on level 8 of the Dungeon)

   It inflicts extra damage upon your enemies.
   It affects your intelligence (+3).
 Q - the +10 quarterstaff "Yptut" {crush, rElec rC+++ MR- Int-5, unknown}
   (You found it on level 11 of the Dungeon)

   It inflicts extra damage upon your enemies.
   It affects your intelligence (-5).
   It renders you almost immune to cold.
   It insulates you from electricity.
   It affects your resistance to hostile enchantments.
 S - the cursed +1 flail of Embarrassment {crush, rC+ rN+ Str+3, unknown}
   (You found it on level 11 of the Dungeon)

   It inflicts extra damage upon your enemies.
   It affects your strength (+3).
   It protects you from cold.
   It protects you from negative energy.
   It has a curse placed upon it.
Missiles
 M - 8 large rocks (quivered)
Armour
 a - a +0 animal skin (worn)
 F - a +0 cloak (worn)
Jewellery
 j - a +1 ring of evasion
 t - a ring of resist corrosion (right claw)
 y - an amulet of regeneration (around neck)
 P - an uncursed ring of protection from fire
 R - an uncursed ring of positive energy
 U - a +3 ring of strength (left claw)
 W - an uncursed amulet of rage {unknown}
Wands
 b - a wand of digging (5)
 s - a wand of disintegration (9)
 A - a wand of iceblast (12)
 E - a wand of polymorph (11)
 G - a wand of clouds (4)
 J - a wand of random effects (28)
 O - a wand of acid (7)
Scrolls
 c - 5 scrolls of random uselessness
 h - 6 scrolls of teleportation
 i - 3 scrolls of enchant armour
 k - 3 scrolls of enchant weapon
 m - 5 scrolls of fog
 o - 8 scrolls of remove curse
 v - 5 scrolls of amnesia
 w - a scroll of magic mapping
 x - a scroll of blinking
 C - a scroll of noise {unknown}
 I - a scroll of torment {unknown}
 K - a scroll of acquirement {unknown}
 T - a scroll of immolation {unknown}
 X - a scroll of fear {unknown}
Potions
 e - 3 potions of ambrosia {unknown}
 f - 3 potions of berserk rage {unknown}
 g - 5 potions of lignification {unknown}
 l - 3 potions of heal wounds
 n - 2 potions of haste {unknown}
 p - 5 potions of curing {unknown}
 q - 4 potions of brilliance {unknown}
 r - 2 potions of cancellation {unknown}
 u - 3 potions of flight {unknown}
 z - 2 potions of resistance {unknown}
 B - 2 potions of agility {unknown}
 D - a potion of degeneration {unknown}
 N - a potion of magic {unknown}
 V - a potion of invisibility {unknown}
Miscellaneous
 H - a lightning rod (4/4)
 Y - a phantom mirror
Comestibles
 d - 19 rations
 Z - 6 chunks of flesh


   Skills:
 + Level 8.7 Fighting
 + Level 8.2 Armour
 + Level 8.7 Dodging
 + Level 10.3 Unarmed Combat


You had 10 spell levels left.
You didn't know any spells.
Your spell library contained the following spells:

 Spells                   Type           Power        Failure   Level  Hunger
 Animate Skeleton         Necr           N/A          52%         1    ##.....
 Apportation              Tloc           #.....       52%         1    ##.....
 Confusing Touch          Hex            #.....       52%         1    ##.....
 Summon Small Mammal      Summ           #...         52%         1    ##.....
 Confuse                  Hex            #.......     88%         3    ####...
 Gell's Gravitas          Tloc           #.........   88%         3    ####...
 Petrify                  Tmut/Erth      #.......     99%         4    #####..
 Metabolic Englaciation   Hex/Ice        #.........   100%        5    ######.
 Yara's Violent Unravell  Hex/Tmut       #.........   100%        5    ######.


Dungeon Overview and Level Annotations

Branches:
Dungeon (11/15)            Temple (0/1) D:6            Lair (0/6) D:9
Ossuary (visited)           IceCv (visited)
    Orc: D:9-12

Altars:
Kikubaaqudgha
Uskayaw

Shops:
D:5 *

Annotations:
D:9 2 transporters, FluffierThanThou's ghost, novice MiFi


Innate Abilities, Weirdness & Mutations

You are too large for most types of armour.
You have claws for hands.
Your metabolism is lightning-fast.
You like to eat raw meat.
Your natural rate of healing is unusually fast.
You are covered in fur. (AC +1)
You have extremely tough skin. (AC +3)


Message History

The 12-headed hydra barely misses you. The 12-headed hydra bites you.
The 12-headed hydra bites you!
You barely miss the 12-headed hydra.
The 12-headed hydra is almost dead.
The 12-headed hydra bites you.
The 12-headed hydra bites you but does no damage. x2
The 12-headed hydra bites you.
* * * LOW HITPOINT WARNING * * *
The 12-headed hydra bites you!
* * * LOW HITPOINT WARNING * * *
The 12-headed hydra bites you.
* * * LOW HITPOINT WARNING * * *
The 12-headed hydra closely misses you. The 12-headed hydra bites you!
* * * LOW HITPOINT WARNING * * *
The 12-headed hydra bites you!
* * * LOW HITPOINT WARNING * * *
The 12-headed hydra bites you.
* * * LOW HITPOINT WARNING * * *
The 12-headed hydra bites you!
You die...

*,,,,,,*** ###.#### *,,,,,,* #..#
**+***** ##.## *,*** #..# *,,,*
##.# ***,* ###'## ****,****
#..... *>,,,,,,*#############
#.....
*,,,,,,,,..?..9D@†...#######.....
*,,,,,,,*###########......<'.....
*,,,,,,,* #########.....
*,,,,,,,* #..... *,,,,,,,* #.....
********* ####'# #.# ##.# #..#


You could see a 12-headed hydra and a gargoyle.

Vanquished Creatures
  Snorg (D:10)
  Erolcha (D:10)
  A death knight (D:11)
  Urug (D:10)
  Pikel (D:7)
  An ugly thing (IceCv)
  A cyclops (D:11)
  A centaur zombie (D:11)
  Joseph (D:10)
  2 ice statues (IceCv)
  A gargoyle (D:8)
  2 ice devils (D:11)
  2 trolls
  Prince Ribbit (D:6)
  Eustachio (D:6)
  16 yaks (D:11)
  A vampire (D:10)
  2 steam dragons
  A wraith (D:10)
  A wyvern (D:11)
  A hungry ghost (D:10)
  Duvessa (D:4)
  2 slaves (D:7)
  A sky beast (D:5)
  2 ice beasts
  A black bear (D:10)
  An orc warrior (D:7)
  2 phantoms
  5 ogres
  2 necrophages
  4 centaurs
  A big kobold (D:8)
  An elf zombie (Ossuary)
  7 bullfrogs
  A water moccasin skeleton (D:8)
  Dowan (D:4)
  8 killer bees
  4 scorpions
  8 wights
  The ghost of matthes123 the Ruffian, a weakling DrTm (D:3)
  A howler monkey (D:6)
  5 crimson imps
  A quasit (D:10)
  2 jellies
  Crazy Yiuf (D:6)
  3 bullfrog skeletons
  A centaur skeleton (D:9)
  An orc priest (D:8)
  2 bullfrog zombies (D:6)
  5 hounds
  5 orc wizards
  2 iguanas
  Ijyb (D:3)
  10 worker ants
  A killer bee zombie (D:7)
  A big kobold zombie (Ossuary)
  A hound zombie (Ossuary)
  2 hound skeletons
  4 mummies (Ossuary)
  11 adders
  2 howler monkey skeletons
  5 shadow imps
  2 oozes
  3 adder zombies
  An adder skeleton (D:6)
  A worm (D:3)
  5 dart slugs
  6 leopard geckos
  15 orcs
  3 giant cockroaches
  A gnoll zombie (Ossuary)
  9 goblins
  14 hobgoblins
  6 jackals
  5 quokkas
  4 ball pythons
  A ball python skeleton (D:4)
  9 bats
  5 frilled lizards
  2 goblin zombies (D:4)
  2 hobgoblin zombies (Ossuary)
  2 jackal skeletons
  2 jackal zombies
  13 kobolds
  A kobold zombie (Ossuary)
  A leopard gecko skeleton (D:4)
  2 quokka skeletons
  6 rats
  2 rat zombies (Ossuary)
283 creatures vanquished.

Vanquished Creatures (collateral kills)
  An ugly thing (IceCv)
  6 ice beasts (IceCv)
7 creatures vanquished.

Vanquished Creatures (others)
  2 withered plants (D:3)
2 creatures vanquished.

Grand Total: 292 creatures vanquished

Notes
Turn   | Place    | Note
-------+----------+-------------------------------------------
     0 | D:1      | Johnny the Troll Berserker began the quest for the Orb.
     0 | D:1      | Reached XP level 1. HP: 22/22 MP: 0/0
    58 | D:1      | Reached XP level 2. HP: 29/29 MP: 1/1
   280 | D:1      | Reached ** piety under Trog
   295 | D:1      | Reached XP level 3. HP: 36/36 MP: 2/2
   381 | D:1      | Reached skill level 1 in Armour
   984 | D:2      | Reached XP level 4. HP: 44/44 MP: 3/3
  1627 | D:3      | Reached *** piety under Trog
  1683 | D:3      | Found a runed translucent door.
  1684 | D:3      | Noticed matthes123's ghost (weakling DrTm)
  1837 | D:3      | Noticed Ijyb
  1846 | D:3      | Killed Ijyb
  1967 | D:3      | Reached XP level 5. HP: 36/53 MP: 4/4
  1973 | D:3      | Noticed an ogre
  1988 | D:3      | Killed an ogre
  1988 | D:3      | Reached skill level 4 in Unarmed Combat
  2220 | D:3      | Killed matthes123's ghost
  2220 | D:3      | Reached XP level 6. HP: 61/61 MP: 5/5
  2550 | D:4      | Found a sand-covered staircase.
  2558 | Ossuary  | Entered an ossuary
  2587 | Ossuary  | Reached XP level 7. HP: 43/68 MP: 6/6
  2592 | Ossuary  | Reached **** piety under Trog
  2776 | D:4      | Noticed Duvessa
  2777 | D:4      | Noticed Dowan
  2785 | D:4      | Killed Duvessa
  2785 | D:4      | Reached skill level 5 in Unarmed Combat
  2801 | D:4      | Killed Dowan
  3521 | D:5      | Entered Level 5 of the Dungeon
  3539 | D:5      | Found Mygoboop's Assorted Antiques.
  3546 | D:5      | Reached XP level 8. HP: 79/79 MP: 7/7
  3615 | D:5      | Found a hide-covered altar of Uskayaw.
  3749 | D:5      | Reached skill level 6 in Unarmed Combat
  3949 | D:5      | Found an ancient bone altar of Kikubaaqudgha.
  3976 | D:5      | Reached skill level 5 in Dodging
  4063 | D:6      | Reached skill level 5 in Fighting
  4073 | D:6      | Noticed Prince Ribbit
  4088 | D:6      | Killed Prince Ribbit
  4229 | D:6      | Reached ***** piety under Trog
  4247 | D:6      | Reached XP level 9. HP: 53/88 MP: 8/8
  4428 | D:6      | Reached skill level 5 in Armour
  4566 | D:6      | Found a staircase to the Ecumenical Temple.
  4571 | D:6      | Noticed Eustachio
  4581 | D:6      | Killed Eustachio
  4581 | D:6      | Reached skill level 7 in Unarmed Combat
  4758 | D:6      | Found a runed translucent door.
  4759 | D:6      | Noticed Crazy Yiuf
  4763 | D:6      | Killed Crazy Yiuf
  4894 | D:7      | You fall into a shaft and drop 3 floors!
  4894 | D:10     | Entered Level 10 of the Dungeon
  4935 | D:10     | Noticed Erolcha
  4949 | D:10     | Killed Erolcha
  4991 | D:10     | Received a gift from Trog
  5139 | D:9      | Reached XP level 10. HP: 100/100 MP: 9/9
  5381 | D:8      | Reached skill level 8 in Unarmed Combat
  5899 | D:7      | Noticed Pikel
  5905 | D:7      | Killed Pikel
  6769 | D:8      | Noticed a gargoyle
  6778 | D:8      | Killed a gargoyle
  6900 | D:8      | Got an ivory short sword
  7299 | D:9      | Found a staircase to the Lair.
  7333 | D:9      | Found a transporter.
  7335 | D:9      | Noticed FluffierThanThou's ghost (novice MiFi)
  7337 | D:9      | Found a transporter.
  7685 | D:10     | Noticed Snorg
  7695 | D:10     | Killed Snorg
  7695 | D:10     | Reached skill level 9 in Unarmed Combat
  7807 | D:10     | Noticed Urug
  7818 | D:10     | Killed Urug
  7856 | D:10     | Reached XP level 11. HP: 82/109 MP: 10/10
  8059 | D:10     | Noticed Joseph
  8073 | D:10     | Killed Joseph
  8346 | D:11     | Noticed a death knight
  8361 | D:11     | Killed a death knight
  8381 | D:11     | Got a steaming quarterstaff
  8453 | D:11     | Found a frozen archway.
  8479 | IceCv    | Entered an ice cave
  8479 | IceCv    | Noticed a white ugly thing
  8489 | IceCv    | Killed a white ugly thing
  8498 | IceCv    | Found a transporter.
  8565 | IceCv    | Noticed a white ugly thing
  8568 | IceCv    | Found a transporter.
  8570 | IceCv    | Killed a white ugly thing
  8647 | D:11     | Reached skill level 10 in Unarmed Combat
  8860 | D:11     | Got a dazzling flail
  9025 | D:11     | Noticed a six-headed hydra
  9037 | D:11     | HP: 6/169 [12-headed hydra (4)]
  9037 | D:11     | Mangled by a 12-headed hydra

Levels and vault maps discovered:
D:1:      lemuel_arrival_funnel, layout_loops_cross
D:2:      layout_basic, serial_glass, glass_columns_a, glass_columns_b,
          glass_columns_a, glass_columns_a, glass_columns_c, glass_columns_b,
          minmay_strange_pillars, minmay_strange_pillars, due_unseen_surprise
D:3:      layout_loops_corners, gammafunk_ghost_grave,
          minmay_fractal_squares_diagonal_5, uniq_ijyb
D:4:      layout_loops_corners, enter_ossuary_4, first_ration, uniq_duvessa
D:5:      layout_cave_pools, lemuel_zombie_altar_kikubaaqudgha, serial_shops,
          shop, basic_altar
D:6:      layout_basic, minmay_temple_entry_slanted, st_stairs_1,
          uniq_crazy_yiuf_cottage, uniq_prince_ribbit1, uniq_eustachio
D:7:      layout_loops_ring, uniq_pikel
D:8:      layout_basic
D:9:      layout_roguey, lair_entry_dummy, gammafunk_ghost_hive
D:10:     layout_stronghold, uniq_erolcha, uniq_joseph, uniq_urug, uniq_snorg
D:11:     layout_roguey, portal_ice_cave_demonic_guard

Skill      XL: |  1  2  3  4  5  6  7  8  9 10 11 |
---------------+----------------------------------+-----
Armour         | 1 2 3 4 5 7 8 |  8.2
Fighting       | 3 4 5 6 7 8 |  8.7
Dodging        | 3 4 5 6 7 8 |  8.7
Unarmed Combat | 4 5 6 7 9 10 | 10.3

Action                   |  1- 3 |  4- 6 |  7- 9 | 10-12 || total
-------------------------+-------+-------+-------+-------++-------
Melee: Unarmed           |   104 |   128 |   331 |   361 ||   924
       Punch             |       |     2 |    14 |    19 ||    35
Throw: Large rock        |       |       |       |     2 ||     2
Invok: Berserk           |       |     4 |     5 |     9 ||    18
       Trog's Hand       |       |       |     2 |     5 ||     7
       Brothers in Arms  |       |       |       |     2 ||     2
Evoke: Wand              |       |       |       |     2 ||     2
  Use: Potion            |       |     1 |       |     1 ||     2
       Scroll            |       |       |     8 |     2 ||    10
 Stab: Sleeping          |       |     2 |       |       ||     2
  Eat: Chunk             |    13 |    18 |    30 |    42 ||   103
       Ration            |       |       |       |     2 ||     2
Armor: Animal skin       |    35 |    66 |    97 |    85 ||   283
       Skin              |       |       |    10 |       ||    10
Dodge: Dodged            |    55 |   112 |   159 |   180 ||   506
